 Dungeon Crawl Stone Soup version 0.16.0-16-g311141a (webtiles) character file.

140 Sorcv the Covert (level 5, 0/30 HPs)
             Began as a Kobold Assassin on Mar 19, 2015.
             Slain by an orc
             ... wielding a +0 hand axe
              (4 damage)
             ... on level 4 of the Dungeon.
             The game lasted 00:06:54 (1573 turns).

Sorcv the Covert (Kobold Assassin)                  Turns: 1573, Time: 00:06:55

Health: 0/30       AC:  3    Str: 14    XL:     5   Next: 46%
Magic:  5/5        EV: 14    Int:  9    God:
Gold:   67         SH:  0    Dex: 23    Spells: 0 memorised, 4 levels left

rFire  . . .     SeeInvis .     a - +2 dagger
rCold  . . .     Clarity  .     c - +0 robe
rNeg   . . .     SustAb   .     (no shield)
rPois  .         Gourm    .     (no helmet)
rElec  .         Spirit   .     d - +0 cloak
rCorr  .         Warding  .     (no gloves)
rMut   .         Stasis   .     (no boots)
MR     .....                    (no amulet)
Stlth  +++++.....               (no ring)
                                m - +4 ring of dexterity

@: mighty, lethally poisoned (0 -> -13), not resistant to hostile enchantments,
quite stealthy
A: carnivore 3
a: no special abilities


You were on level 4 of the Dungeon.
You were full.

You visited 1 branch of the dungeon, and saw 4 of its levels.

You collected 67 gold pieces.

Inventory:

Hand weapons
 a - a +2 dagger (weapon)
 b - a +0 blowgun
Missiles
 e - 8 poisoned needles
 f - a curare-tipped needle
Armour
 c - a +0 robe (worn)
 d - a +0 cloak (worn)
Jewellery
 m - a +4 ring of dexterity (left hand)
Magical devices
 q - a wand of slowing (24)
Scrolls
 h - a scroll of amnesia {unknown}
 i - a scroll of recharging {unknown}
 j - a scroll of remove curse {unknown}
 l - 2 scrolls of noise {unknown}
 n - a scroll of immolation {unknown}
 p - 3 scrolls of identify {unknown}
 s - a scroll of fear {unknown}
Comestibles
 g - 3 meat rations


   Skills:
 - Level 2.1 Fighting
 - Level 2.6 Short Blades
 - Level 2.6 Throwing
 - Level 1.2 Dodging
 + Level 8.8 Stealth


You had 4 spell levels left.
You didn't know any spells.

Dungeon Overview and Level Annotations

Branches:
Dungeon (4/15)
 Temple: D:4-7

Altars:
Dithmenos

Shops:
D:4 [:


Innate Abilities, Weirdness & Mutations

You are small and have problems with some larger weapons.
You are carnivorous and can eat meat at any time.


Message History

The orc wizard blinks!
The orc hits you with a hand axe!
* * * LOW HITPOINT WARNING * * *
Drink which item? (? for menu, Esc to quit)
It was a potion of poison.
That liquid tasted very nasty...
You are lethally poisoned!
* * * LOW HITPOINT WARNING * * *
You feel sick.
Drink which item? (? for menu, Esc to quit)
It was a potion of might.
You feel very mighty all of a sudden.
* * * LOW HITPOINT WARNING * * *
You feel sick. The orc closely misses you.
The orc wizard mumbles some strange words.
The orc wizard blinks!
Drink which item? (? for menu, Esc to quit)
It was a potion of restore abilities.
You feel refreshed.
* * * LOW HITPOINT WARNING * * *
You feel sick. The orc hits you with a hand axe.
You die...

.# ..#.# #.# #♣.# ## #.#.#
#.# #.# #####.#.# #.#
#.######## ........# #.#
#........# ....>...#
#.###########.#
###.#.#.######.#...........#
.##.###........#.###########
.##.# #.########§# .##.###.#
#@# .##.....# #o# .####.###
#o# .# #. #o# )# #. #o# .#
#. #.# ## #W #.# #. #.. #W
###


You could see an orc wizard and 3 orcs.

Vanquished Creatures
  An ogre (D:4)
  An adder (D:4)
  2 worms
  2 giant geckos
  An orc (D:4)
  9 bats
  2 giant cockroaches
  7 goblins
  A hobgoblin (D:1)
  4 jackals (D:2)
  4 kobolds (D:1)
  2 quokkas (D:4)
  2 ball pythons (D:1)
  3 giant newts (D:1)
  10 rats
51 creatures vanquished.

Notes
Turn   | Place    | Note
--------------------------------------------------------------
     0 | D:1      | Sorcv, the Kobold Assassin, began the quest for the Orb.
     0 | D:1      | Reached XP level 1. HP: 12/12 MP: 1/1
   147 | D:1      | Reached XP level 2. HP: 12/17 MP: 2/2
   241 | D:1      | Reached skill level 6 in Stealth
   401 | D:1      | Reached XP level 3. HP: 19/21 MP: 3/3
  1124 | D:2      | Found a shadowy altar of Dithmenos.
  1145 | D:2      | Reached skill level 7 in Stealth
  1353 | D:4      | Found Qiohuar's Antique Armour Boutique.
  1377 | D:4      | Noticed an ogre
  1391 | D:4      | Reached XP level 4. HP: 14/26 MP: 4/4
  1410 | D:4      | Killed an ogre
  1410 | D:4      | Reached skill level 8 in Stealth
  1410 | D:4      | Reached XP level 5. HP: 17/30 MP: 5/5
  1483 | D:4      | Noticed a phantom
  1483 | D:4      | Noticed a phantom
  1525 | D:4      | Found Tedeazu's Book Emporium.
  1573 | D:4      | Slain by an orc

Action                   |  1- 3 |  4- 6 || total
-------------------------+-------+-------++-------
Melee: Dagger            |   105 |    14 ||   119
 Fire: Blowgun           |       |     6 ||     6
  Use: Potion            |       |     3 ||     3
 Stab: Sleeping          |    10 |     4 ||    14
  Eat: Chunk             |       |     8 ||     8
